 Dungeon Crawl Stone Soup version 0.31-a0-845-g9abc20d24f (webtiles) character file.

Game seed: 8396638517361552327

153 Elsrick the Chopper (level 5, -2/47 HPs)
             Began as a Hill Orc Fighter on Oct 1, 2023.
             Slain by Grinder (5 damage)
             ... on level 4 of the Dungeon.
             The game lasted 00:06:52 (2665 turns).

Elsrick the Chopper (Hill Orc Fighter)              Turns: 2665, Time: 00:06:55

Health: -2/47      AC:  7    Str: 21    XL:     5   Next: 35%
Magic:  5/5        EV:  9    Int:  8    God:
Gold:   98         SH:  4    Dex: 10    Spells: 4/4 levels left

rFire   . . .        a - +0 war axe
rCold   + + .        c - +0 buckler
rNeg    . . .        b - +0 scale mail
rPois   +            (no helmet)
rElec   .            m - scarf of the Tundras {+Inv, rC++}
rCorr   .            (no gloves)
SInv    .            (no boots)
Will    .....        (no amulet) Stlth
                     n - ring of poison resistance
HPRegen 0.27/turn    (no ring)
MPRegen 0.09/turn

%: no passive effects
@: mighty
A: no striking features
a: Evoke Invisibility


You were on level 4 of the Dungeon.
You visited 1 branch of the dungeon, and saw 4 of its levels.

You collected 98 gold pieces.

Inventory:

Hand Weapons
 a - a +0 war axe (weapon)
Missiles
 p - 9 javelins (quivered)
Armour
 b - a +0 scale mail (worn)
 c - a +0 buckler (worn)
 m - the scarf of the Tundras (worn) {+Inv, rC++}
   (You found it on level 2 of the Dungeon)

   rC++:      It greatly protects you from cold.
Jewellery
 j - a ring of wizardry
 n - a ring of poison resistance (left hand)
 q - a ring of ice
Scrolls
 e - 2 scrolls of vulnerability {unknown}
 f - a scroll of fog {unknown}
 g - 2 scrolls of identify {unknown}
 k - 2 scrolls of noise {unknown}
 l - a scroll of fear {unknown}
 r - a scroll of enchant weapon {unknown}
 t - a scroll of teleportation {unknown}
Potions
 d - 2 potions of might
 h - a potion of resistance {unknown}
 i - 2 potions of invisibility {unknown}
 o - 3 potions of curing {unknown}
 s - a potion of lignification {unknown}
 u - a potion of cancellation {unknown}


   Skills:
 + Level 4.5 Fighting
 * Level 5.6 Axes
 + Level 4.1 Armour
 + Level 0.2 Dodging
 - Level 3.2 Shields


You had 4 spell levels left.
You didn't know any spells.
Your spell library contained the following spells:

 Spells                   Type           Power      Damage    Failure   Level
 Magic Dart               Conj           0%         1d3       80%         1
 Sting                    Tmut/Pois      0%         1d3       80%         1
 Poisonous Vapours        Pois/Air       0%         N/A       91%         2
 Searing Ray              Conj           0%         2d4       91%         2
 Fulminant Prism          Conj/Hex       0%         3d5       100%        4
 Olgreb's Toxic Radiance  Pois           0%         N/A       100%        4


Dungeon Overview and Level Annotations

Branches:
Dungeon (4/15)
 Temple: D:4-7

Altars:

Annotations:
D:4 Grinder


Message History

You slash Grinder!
Grinder is moderately wounded.
Grinder barely misses you. The gnoll hits you but does no damage.
You barely miss Grinder.
Grinder is moderately wounded.
Grinder barely misses you. The gnoll barely misses you. Grinder hits you.
You hit Grinder but do no damage.
Grinder is moderately wounded.
The gnoll closely misses you. Grinder misses you.
The gnoll hits you but does no damage.
You hit Grinder.
Grinder is heavily wounded.
Grinder says, "My boss said I was rubbish.
His entrails said otherwise."
Grinder hits you.
You writhe in agony.
The gnoll hits you from afar with a +0 spear.
You closely miss Grinder.
Grinder is heavily wounded.
Grinder gestures at you. You resist with significant effort.
The gnoll hits you but does no damage.
You slash Grinder!
Grinder is severely wounded.
Grinder hits you.
You writhe in agony.
You block the gnoll's attack. Grinder gestures at you.
You suddenly lose the ability to move!
The gnoll hits you but does no damage. Grinder completely misses you.
The gnoll hits you from afar with a +0 spear.
Grinder hits you.
You writhe in agony.
* * * LOW HITPOINT WARNING * * *
You can move again.
You feel very mighty all of a sudden. The gnoll misses you.
Grinder gestures at you. You resist with significant effort.
You hit Grinder.
Grinder is almost dead.
The gnoll barely misses you. Grinder hits you!
* * * LOW HITPOINT WARNING * * *
You writhe in agony.
You die...
Grinder says, "Now the real fun starts!"

.#####..............:...
...##..............<...#
#..##...........).<....#
#..#.(...............###
##.#...........)####).#
##..............## ####
##.......g.......#
##................#
#..#......5@........ .
##.#...................
.###..#.................##..#
..#..##.................# ..
....##..................# .
....#...................#
................P.......
##.............##.##....
.............§P#


You could see Grinder and a gnoll.

Vanquished Creatures
  A howler monkey (D:4)
  2 gnolls
  2 adders
  A worm (D:2)
  2 dart slugs (D:1)
  An orc (D:4)
  6 bats
  7 endoplasms
  A giant cockroach (D:2)
  4 hobgoblins
  8 jackals (D:2)
  9 kobolds
  2 quokkas (D:1)
  4 ball pythons
  A frilled lizard (D:1)
  8 goblins
  5 rats
64 creatures vanquished.

Notes
Turn   | Place    | Note
-------+----------+-------------------------------------------
     0 | D:1      | Elsrick the Hill Orc Fighter began the quest for the Orb.
     0 | D:1      | Reached XP level 1. HP: 19/19 MP: 1/1
   103 | D:1      | Reached skill level 3 in Axes
   115 | D:1      | Reached XP level 2. HP: 12/27 MP: 2/2
   553 | D:1      | Reached XP level 3. HP: 27/33 MP: 3/3
  1010 | D:2      | Reached skill level 4 in Axes
  1083 | D:2      | Identified the scarf of the Tundras {+Inv, rC++}
  1262 | D:2      | Reached XP level 4. HP: 40/40 MP: 4/4
  2306 | D:4      | Reached skill level 5 in Axes
  2306 | D:4      | Reached XP level 5. HP: 25/47 MP: 5/5
  2510 | D:4      | Noticed Grinder
  2510 | D:4      | Paralysed by Grinder for 3 turns
  2661 | D:4      | Paralysed by Grinder for 3 turns
  2665 | D:4      | Slain by Grinder

Illustrated notes

Levels and vault maps discovered:
D:1:      ebering_trefoil_twist, layout_loops_ring, minmay_misc_feat_x
D:2:      layout_loops_ring, minmay_fractal_squares_gapless_5
D:3:      layout_rooms
D:4:      layout_layer_cave, mainiacjoe_overflow_brackets,
          minmay_temple_entry_gardened_gates, minivault_19, uniq_grinder

Skill      XL: |  1  2  3  4 |
---------------+-------------+-----
Axes           | 3 4 5 |  5.6
Fighting       | 4 |  4.5
Armour         | 4 |  4.1
Dodging        | |  0.2
Shields        | |  3.2

Action                     |  1- 3 |  4- 6 || total
---------------------------+-------+-------++-------
  Melee: War axe           |   115 |    69 ||   184
  Throw: Javelin           |       |     2 ||     2
    Use: Potion            |       |     1 ||     1
 Armour: Scale mail        |   102 |    54 ||   156
  Dodge: Dodged            |    53 |    40 ||    93
  Block: Buckler           |    29 |    16 ||    45

Table legend: (Time is in decaauts)
 A = Elapsed time spent in this place.
 B = Non-inter-level travel time spent in this place.
 C = Inter-level travel time spent in this place.
 D = Time resting spent in this place.
 E = Time spent auto-exploring this place.
 F = Levels seen in this place.
 G = Mean time per level.
                   A        B        C        D        E       F      G
               +--------+--------+--------+--------+--------+-----+--------+
         Total |   2728 |   2504 |    224 |    424 |   1400 |   4 |  682.0 |
       Dungeon |   2728 |   2504 |    224 |    424 |   1400 |   4 |  682.0 |
               +--------+--------+--------+--------+--------+-----+--------+

Top non-repeatable levels by time:
     D:2: 874 daAuts
     D:1: 868 daAuts
     D:3: 755 daAuts
     D:4: 228 daAuts
